% Time on Ice - EDMONTON ICE
Lines # - Real PCT - Wanted PCT - Time Play
Normal Forward
1 - 36% - 37% - 16:41
2 - 34% - 34% - 16:02
3 - 26% - 23% - 12:04
4 - 4% - 6% - 1:50
Normal Defense
1 - 35% - 37% - 16:22
2 - 34% - 33% - 15:54
3 - 28% - 23% - 12:54
4 - 3% - 7% - 1:27
PP Forward
1 - 52% - 55% - 4:40
2 - 48% - 45% - 4:19
PP Defense
1 - 60% - 55% - 5:26
2 - 40% - 45% - 3:33
PK Forward
1 - 74% - 57% - 3:16
2 - 26% - 43% - 1:08
PK Defense
1 - 50% - 57% - 2:13
2 - 50% - 43% - 2:11
PK3 Forward
1 - 0% - 55%
2 - 0% - 45%
PK3 Defense
1 - 0% - 55%
2 - 0% - 45%
44 Forward
1 - 0% - 55%
2 - 0% - 45%
44 Defense
1 - 0% - 55%
2 - 0% - 45%
Last Minute Offensive  - 0:00
Last Minute Defensive  - 0:00
Total
Forward - 60:00
Defense - 60:00
% Time on Ice - BANFF WOLVES
Lines # - Real PCT - Wanted PCT - Time Play
Normal Forward
1 - 34% - 36% - 15:41
2 - 30% - 31% - 13:58
3 - 25% - 23% - 11:29
4 - 12% - 10% - 5:29
Normal Defense
1 - 33% - 36% - 15:26
2 - 28% - 31% - 13:09
3 - 28% - 23% - 12:54
4 - 11% - 10% - 5:08
PP Forward
1 - 53% - 55% - 2:21
2 - 47% - 45% - 2:03
PP Defense
1 - 47% - 65% - 2:03
2 - 53% - 35% - 2:21
PK Forward
1 - 64% - 55% - 5:47
2 - 36% - 45% - 3:12
PK Defense
1 - 59% - 55% - 5:16
2 - 41% - 45% - 3:43
PK3 Forward
1 - 0% - 55%
2 - 0% - 45%
PK3 Defense
1 - 0% - 55%
2 - 0% - 45%
44 Forward
1 - 0% - 55%
2 - 0% - 45%
44 Defense
1 - 0% - 65%
2 - 0% - 35%
Last Minute Offensive  - 0:00
Last Minute Defensive  - 0:00
Total
Forward - 60:00
Defense - 60:00
Play-by-Play 1st period 0:01 of 1st period - Ryan O'Reilly wins face-off versus Jack Eichel in neutral zone. 0:03 of 1st period - Anthony Mantha is hit by Mikhail Sergachev and loses puck. 0:26 of 1st period - Shot by Anthony Mantha. 0:26 of 1st period - Shot Misses the Net. 0:28 of 1st period - Shot by Jaden Schwartz. 0:28 of 1st period - Stopped by Pavel Francouz without a rebound. 0:29 of 1st period - Mikael Backlund wins face-off versus Timo Meier in BANFF WOLVES zone. 0:46 of 1st period - Shot by Kevin Labanc. 0:46 of 1st period - Shot Blocked by Timo Meier. 0:48 of 1st period - Shot by Taylor Fedun. 0:48 of 1st period - Goal by Taylor Fedun - EDMONTON ICE : 0 - BANFF WOLVES : 1. 0:49 of 1st period - Mikko Koivu wins face-off versus Jeff Carter in neutral zone. 0:54 of 1st period - Shot by Ondrej Kase. 0:54 of 1st period - Stopped by Pavel Francouz without a rebound. 0:55 of 1st period - Jeff Carter wins face-off versus Mikko Koivu in BANFF WOLVES zone. 1:16 of 1st period - Shot by Mikko Koivu. 1:16 of 1st period - Shot Misses the Net. 1:46 of 1st period - Shot by Kevin Labanc. 1:46 of 1st period - Stopped by Philipp Grubauer without a rebound. 1:47 of 1st period - Joel Eriksson Ek wins face-off versus Mike Ferland in EDMONTON ICE zone. 2:11 of 1st period - Shot by Joel Eriksson Ek. 2:11 of 1st period - Shot Misses the Net. 2:17 of 1st period - Shot by Antti Suomela. 2:17 of 1st period - Stopped by Philipp Grubauer without a rebound. 2:18 of 1st period - Jack Eichel wins face-off versus Ryan O'Reilly in EDMONTON ICE zone. 2:19 of 1st period - Shot by Nikita Gusev. 2:19 of 1st period - Shot Blocked by Ryan Graves. 2:21 of 1st period - Shot by Jack Eichel. 2:21 of 1st period - Shot Misses the Net. 2:23 of 1st period - Shot by James van Riemsdyk. 2:23 of 1st period - Shot Misses the Net. 2:25 of 1st period - Shot by Miro Heiskanen. 2:25 of 1st period - Shot Misses the Net. 2:27 of 1st period - Shot by Miro Heiskanen. 2:27 of 1st period - Stopped by Philipp Grubauer without a rebound. 2:28 of 1st period - Mikael Backlund wins face-off versus Jaden Schwartz in EDMONTON ICE zone. 2:29 of 1st period - Shot by Kevin Labanc. 2:29 of 1st period - Shot Misses the Net. 2:52 of 1st period - Mikael Backlund is hit by Anthony Mantha and loses puck. 3:01 of 1st period - Shot by Alex Tuch. 3:01 of 1st period - Stopped by Philipp Grubauer without a rebound. 3:02 of 1st period - Ivan Barbashev wins face-off versus Jack Eichel in EDMONTON ICE zone. 3:09 of 1st period - Shot by Mathieu Perreault. 3:09 of 1st period - Stopped by Pavel Francouz without a rebound. 3:10 of 1st period - Joel Eriksson Ek wins face-off versus Jack Eichel in BANFF WOLVES zone. 3:27 of 1st period - Shot by Patric Hornqvist. 3:27 of 1st period - Shot Misses the Net. 3:29 of 1st period - Shot by Patric Hornqvist. 3:29 of 1st period - Shot Blocked by Mikhail Sergachev. 3:31 of 1st period - Shot by Timo Meier. 3:31 of 1st period - Deflect By Joel Eriksson Ek. 3:31 of 1st period - Goal by Joel Eriksson Ek - EDMONTON ICE : 1 - BANFF WOLVES : 1. 3:32 of 1st period - Ryan O'Reilly wins face-off versus Mikael Backlund in neutral zone. 4:07 of 1st period - Shot by Anthony Mantha. 4:07 of 1st period - Shot Blocked by Josh Teves. 4:11 of 1st period - Shot by Ryan O'Reilly. 4:11 of 1st period - Stopped by Pavel Francouz without a rebound. 4:12 of 1st period - Jack Eichel wins face-off versus Joel Eriksson Ek in BANFF WOLVES zone. 4:29 of 1st period - Shot by Nikita Gusev. 4:29 of 1st period - Stopped by Philipp Grubauer without a rebound. 4:30 of 1st period - Ivan Barbashev wins face-off versus Jeff Carter in EDMONTON ICE zone. 4:30 of 1st period - Ivan Barbashev is hit by Jeff Carter. 4:52 of 1st period - Ondrej Kase is hit by Jamie Oleksiak. 5:27 of 1st period - Joel Eriksson Ek is hit by Jamie Oleksiak and loses puck. 6:00 of 1st period - Shot by Patric Hornqvist. 6:00 of 1st period - Shot Misses the Net. 6:14 of 1st period - Jamie Oleksiak is hit by Anthony Mantha and loses puck. 6:21 of 1st period - Shot by Ryan O'Reilly. 6:21 of 1st period - Deflect By Jaden Schwartz. 6:21 of 1st period - Stopped by Pavel Francouz with a rebound. 6:23 of 1st period - Shot by Anthony Mantha. 6:23 of 1st period - Deflect By Ryan O'Reilly. 6:23 of 1st period - Goal by Ryan O'Reilly - EDMONTON ICE : 2 - BANFF WOLVES : 1. 6:24 of 1st period - Mikko Koivu wins face-off versus Jack Eichel in neutral zone. 6:34 of 1st period - Icing by Miro Heiskanen. 6:35 of 1st period - Ryan O'Reilly wins face-off versus Jack Eichel in BANFF WOLVES zone. 6:40 of 1st period - Shot by Anthony Mantha. 6:40 of 1st period - Shot Misses the Net. 7:15 of 1st period - Shot by Jack Eichel. 7:15 of 1st period - Stopped by Philipp Grubauer without a rebound. 7:16 of 1st period - Mikko Koivu wins face-off versus Kevin Labanc in EDMONTON ICE zone. 7:37 of 1st period - Shot by Boone Jenner. 7:37 of 1st period - Shot Blocked by Josh Teves. 7:42 of 1st period - Icing by Josh Teves. 7:43 of 1st period - Joel Eriksson Ek wins face-off versus Alex Tuch in BANFF WOLVES zone. 8:05 of 1st period - Shot by Patric Hornqvist. 8:05 of 1st period - Stopped by Pavel Francouz without a rebound. 8:06 of 1st period - Jack Eichel wins face-off versus Mikko Koivu in BANFF WOLVES zone. 8:06 of 1st period - Jack Eichel is hit by Mikko Koivu. 8:16 of 1st period - Shot by Jack Eichel. 8:16 of 1st period - Stopped by Philipp Grubauer with a rebound. 8:22 of 1st period - Shot by Jack Eichel. 8:22 of 1st period - Stopped by Philipp Grubauer with a rebound. 8:24 of 1st period - Shot by Miro Heiskanen. 8:24 of 1st period - Shot Misses the Net. 8:26 of 1st period - Shot by Mikhail Sergachev. 8:26 of 1st period - Shot Misses the Net. 9:46 of 1st period - Shot by Anthony Mantha. 9:46 of 1st period - Shot Misses the Net. 10:44 of 1st period - Shot by Patric Hornqvist. 10:44 of 1st period - Stopped by Pavel Francouz with a rebound. 10:47 of 1st period - Icing by Mikael Backlund. 10:48 of 1st period - Mathieu Perreault wins face-off versus Kevin Labanc in BANFF WOLVES zone. 11:56 of 1st period - Shot by Anthony Mantha. 11:56 of 1st period - Shot Misses the Net. 11:58 of 1st period - Shot by Jack Johnson. 11:58 of 1st period - Stopped by Pavel Francouz without a rebound. 11:59 of 1st period - Jeff Carter wins face-off versus Joel Eriksson Ek in BANFF WOLVES zone. 12:01 of 1st period - Minor Penalty to Patric Hornqvist for High sticking. 12:02 of 1st period - Mikael Backlund wins face-off versus Boone Jenner in EDMONTON ICE zone. 12:14 of 1st period - Icing by Mikael Backlund. 12:15 of 1st period - Mikael Backlund wins face-off versus Boone Jenner in BANFF WOLVES zone. 12:24 of 1st period - Shot by Roope Hintz. 12:24 of 1st period - Stopped by Philipp Grubauer without a rebound. 12:25 of 1st period - Jack Eichel wins face-off versus Boone Jenner in EDMONTON ICE zone. 13:26 of 1st period - Shot by Kevin Labanc. 13:26 of 1st period - Deflect By Mikael Backlund. 13:26 of 1st period - Stopped by Philipp Grubauer without a rebound. 13:27 of 1st period - Mikael Backlund wins face-off versus Boone Jenner in EDMONTON ICE zone. 14:08 of 1st period - Icing by Colton Parayko. 14:09 of 1st period - Joel Eriksson Ek wins face-off versus Antti Suomela in EDMONTON ICE zone. 14:11 of 1st period - Icing by Patric Hornqvist. 14:12 of 1st period - Joel Eriksson Ek wins face-off versus Jack Eichel in EDMONTON ICE zone. 14:42 of 1st period - Shot by Joel Eriksson Ek. 14:42 of 1st period - Shot Misses the Net. 15:24 of 1st period - Jaden Schwartz is hit by Jamie Oleksiak and loses puck. 16:04 of 1st period - Icing by Alex Tuch. 16:05 of 1st period - Mikko Koivu wins face-off versus Mikael Backlund in BANFF WOLVES zone. 16:05 of 1st period - Mikko Koivu is hit by Jamie Oleksiak. 16:10 of 1st period - Icing by Mikael Backlund. 16:11 of 1st period - Mikael Backlund wins face-off versus Mikko Koivu in BANFF WOLVES zone. 16:39 of 1st period - Ryan Graves is hit by Mikael Backlund and loses puck. 17:22 of 1st period - Shot by Anthony Mantha. 17:22 of 1st period - Stopped by Pavel Francouz without a rebound. 17:23 of 1st period - Jeff Carter wins face-off versus Joel Eriksson Ek in BANFF WOLVES zone. 17:43 of 1st period - Shot by Timo Meier. 17:43 of 1st period - Deflect By Patric Hornqvist. 17:43 of 1st period - Stopped by Pavel Francouz without a rebound. 17:44 of 1st period - Jack Eichel wins face-off versus Ryan O'Reilly in BANFF WOLVES zone. 18:10 of 1st period - Icing by Ryan O'Reilly. 18:11 of 1st period - Jeff Carter wins face-off versus Ryan O'Reilly in EDMONTON ICE zone. 18:26 of 1st period - Shot by Jeff Carter. 18:26 of 1st period - Stopped by Philipp Grubauer without a rebound. 18:27 of 1st period - Joel Eriksson Ek wins face-off versus Antti Suomela in EDMONTON ICE zone. 18:37 of 1st period - Shot by Joel Eriksson Ek. 18:37 of 1st period - Shot Blocked by Jamie Oleksiak. 19:01 of 1st period - Shot by Joel Eriksson Ek. 19:01 of 1st period - Deflect By Timo Meier. 19:01 of 1st period - Goal by Timo Meier - EDMONTON ICE : 3 - BANFF WOLVES : 1. 19:02 of 1st period - Ryan O'Reilly wins face-off versus Jack Eichel in neutral zone. 19:04 of 1st period - Off-side. 19:05 of 1st period - Ryan O'Reilly wins face-off versus Jack Eichel in neutral zone. 19:58 of 1st period - Icing by James van Riemsdyk. 19:59 of 1st period - Joel Eriksson Ek wins face-off versus Jack Eichel in BANFF WOLVES zone. Goals for this period are 3 for EDMONTON ICE vs 1 for BANFF WOLVES. Shots for this period are 13 for EDMONTON ICE vs 12 for BANFF WOLVES. 2nd period 0:01 of 2nd period - Joel Eriksson Ek wins face-off versus Rocco Grimaldi in neutral zone. 0:10 of 2nd period - Icing by Miro Heiskanen. 0:11 of 2nd period - Mikko Koivu wins face-off versus Jeff Carter in BANFF WOLVES zone. 0:19 of 2nd period - Icing by Miro Heiskanen. 0:20 of 2nd period - Jeff Carter wins face-off versus Joel Eriksson Ek in BANFF WOLVES zone. 0:38 of 2nd period - Icing by Jeff Petry. 0:39 of 2nd period - Joel Eriksson Ek wins face-off versus Jack Eichel in EDMONTON ICE zone. 1:00 of 2nd period - Shot by Nikita Gusev. 1:00 of 2nd period - Deflect By Jack Eichel. 1:00 of 2nd period - Shot Misses the Net. 1:02 of 2nd period - Shot by Nikita Gusev. 1:02 of 2nd period - Shot Misses the Net. 1:04 of 2nd period - Shot by Jack Eichel. 1:04 of 2nd period - Shot Blocked by Ryan Graves. 1:06 of 2nd period - Shot by Jack Eichel. 1:06 of 2nd period - Shot Misses the Net. 1:08 of 2nd period - Shot by Jack Eichel. 1:08 of 2nd period - Stopped by Philipp Grubauer without a rebound. 1:09 of 2nd period - Mikko Koivu wins face-off versus Mikael Backlund in EDMONTON ICE zone. 1:29 of 2nd period - Shot by Kevin Labanc. 1:29 of 2nd period - Shot Misses the Net. 1:31 of 2nd period - Shot by Miro Heiskanen. 1:31 of 2nd period - Goal by Miro Heiskanen - EDMONTON ICE : 3 - BANFF WOLVES : 2. 1:32 of 2nd period - Jeff Carter wins face-off versus Ryan O'Reilly in neutral zone. 1:41 of 2nd period - Shot by Jeff Carter. 1:41 of 2nd period - Shot Misses the Net. 1:55 of 2nd period - Shot by Rocco Grimaldi. 1:55 of 2nd period - Stopped by Philipp Grubauer without a rebound. 1:56 of 2nd period - Mikko Koivu wins face-off versus Jack Eichel in EDMONTON ICE zone. 2:02 of 2nd period - Icing by Shea Theodore. 2:03 of 2nd period - Mikko Koivu wins face-off versus Jack Eichel in EDMONTON ICE zone. 2:16 of 2nd period - Shot by Boone Jenner. 2:16 of 2nd period - Stopped by Pavel Francouz with a rebound. 2:28 of 2nd period - Shot by Mikko Koivu. 2:28 of 2nd period - Shot Misses the Net. 2:30 of 2nd period - Shot by Shea Theodore. 2:30 of 2nd period - Stopped by Pavel Francouz without a rebound. 2:31 of 2nd period - Mikael Backlund wins face-off versus Ryan O'Reilly in BANFF WOLVES zone. 2:33 of 2nd period - Icing by Alex Tuch. 2:34 of 2nd period - Kevin Labanc wins face-off versus Joel Eriksson Ek in BANFF WOLVES zone. 2:34 of 2nd period - Kevin Labanc is hit by Timo Meier. 2:41 of 2nd period - Minor Penalty to Mikhail Sergachev for Holding. 2:42 of 2nd period - Ryan O'Reilly wins face-off versus Mikael Backlund in BANFF WOLVES zone. 2:51 of 2nd period - Shot by Timo Meier. 2:51 of 2nd period - Stopped by Pavel Francouz without a rebound. 2:52 of 2nd period - Mikael Backlund wins face-off versus Ryan O'Reilly in BANFF WOLVES zone. 3:14 of 2nd period - Shot by Ryan O'Reilly. 3:14 of 2nd period - Shot Blocked by Miro Heiskanen. 3:16 of 2nd period - Shot by Jeff Petry. 3:16 of 2nd period - Shot Misses the Net. 4:12 of 2nd period - Shot by Jaden Schwartz. 4:12 of 2nd period - Shot Misses the Net. 4:20 of 2nd period - Shot by Jaden Schwartz. 4:20 of 2nd period - Stopped by Pavel Francouz with a rebound. 4:22 of 2nd period - Shot by Ryan Graves. 4:22 of 2nd period - Shot Hit the Post. 4:24 of 2nd period - Shot by Ryan Graves. 4:24 of 2nd period - Stopped by Pavel Francouz with a rebound. 5:41 of 2nd period - Icing by Colton Parayko. 5:42 of 2nd period - Ryan O'Reilly wins face-off versus Mikael Backlund in EDMONTON ICE zone. 5:47 of 2nd period - Kevin Labanc is hit by Anthony Mantha and loses puck. 5:56 of 2nd period - Shot by Kevin Labanc. 5:56 of 2nd peri